 Dungeon Crawl Stone Soup version 0.17-a0-1582-ge6b0260 (webtiles) character file.

53 Chiseanne the Magician (level 3, -2/29 HPs)
             Began as a Demonspawn Wanderer on July 27, 2015.
             Slain by a gnoll
             ... wielding a +0 halberd
              (13 damage)
             ... on level 2 of the Dungeon.
             The game lasted 00:03:26 (1566 turns).

Chiseanne the Magician (Demonspawn Wanderer)        Turns: 1566, Time: 00:03:26

Health: -2/29      AC:  3    Str: 10    XL:     3   Next: 62%
Magic:  8/8        EV: 13    Int: 15    God:
Gold:   50         SH:  0    Dex: 13    Spells: 1 memorised, 8 levels left

rFire  . . .     SeeInvis .     a - +1 short sword (elec)
rCold  . . .     Clarity  .     d - +0 robe
rNeg   . . .     SustAt   .     (no shield)
rPois  .         Gourm    .     (no helmet)
rElec  .         Spirit   .     (no cloak)
rCorr  .         Warding  .     (no gloves)
rMut   .         Stasis   .     m - +0 pair of boots
MR     .....                    (no amulet)
Stlth  ++........               (no ring)
                                (no ring)

@: not resistant to hostile enchantments, unstealthy
A: repulsion field 1, spiny 1
a: no special abilities


You were on level 2 of the Dungeon.
You were not hungry.

You visited 1 branch of the dungeon, and saw 2 of its levels.

You collected 50 gold pieces.

Inventory:

Hand weapons
 a - a +1 short sword of electrocution (weapon)
Missiles
 h - 37 bolts
 l - 15 poisoned needles
 o - 4 tomahawks (quivered)
Armour
 d - a +0 robe (worn)
 m - a +0 pair of boots (worn)
Potions
 b - a potion of lignification
 e - 2 potions of heal wounds
 g - 2 potions of curing
 n - a potion of brilliance {unknown}
Books
 c - Siprivep's Almanac of the Arsonist

   Spells                             Type                      Level
   a - Flame Tongue                   Conjuration/Fire             1
   b - Ignite Poison                  Fire/Transmutation/Poison    3
Comestibles
 f - a bread ration
 j - a royal jelly


   Skills:
 - Level 3.0 Fighting
 + Level 1.0 Dodging
 - Level 1.7 Stealth
 * Level 3.8 Spellcasting
 * Level 1.8 Fire Magic
   Level 1.0 Evocations


You had 8 spell levels left.
You knew the following spells:

 Your Spells              Type           Power        Failure   Level  Hunger
a - Flame Tongue          Conj/Fire      #....        14%         1    None


Dungeon Overview and Level Annotations

Branches:
Dungeon (2/15)

Altars:


Innate Abilities, Weirdness & Mutations

You are surrounded by a mild repulsion field (EV +2).
You are partially covered in sharp spines.


Message History

The gnoll shouts!
You hit the bat but do no damage. The bat misses you.
The bat hits you but does no damage.
A gnoll comes into view. It is wielding a club.
The bat hits you but does no damage. The bat is struck by your spines.
The bat misses you. The gnoll is struck by your spines.
The gnoll closely misses you.
The gnoll moves out of view.
The bat hits you but does no damage.
The gnoll hits you from afar with a halberd!
Ouch! That really hurt!
You hit the gnoll but do no damage.
The gnoll is heavily wounded.
The bat is struck by your spines.
You kill the bat!
The gnoll hits you with a flail.
A giant gecko comes into view.
You hit the gnoll.
There is a sudden explosion of sparks!
You kill the gnoll!
The gnoll hits you from afar with a halberd!
You die...

###........#..##
#..............####
#.#######..........
.#..####.#####.#.##....###
.....†.........#.#.....#
.#######.####..#.#.#..>#
#.<.......#.#.###
#†..##.####.#.#
#)@.##.####.#.#
#....#....)...#
#.g#.######.### ...#.# #.#
#...#.# #.# #.#.#.# ..#
#l#.# ..# #..># ...# ...#


You could see a gnoll and a giant gecko.

Vanquished Creatures
  An adder (D:2)
  A gnoll (D:2)
  An ooze (D:1)
  6 bats
  2 giant cockroaches
  5 hobgoblins (D:1)
  2 giant newts (D:1)
  4 goblins
  2 kobolds
  6 rats
30 creatures vanquished.

Notes
Turn   | Place    | Note
--------------------------------------------------------------
     0 | D:1      | Chiseanne the Demonspawn Wanderer began the quest for the Orb.
     0 | D:1      | Chiseanne set off with: a +2 spear, a potion of lignification, Siprivep's Almanac of the Arsonist, a +0 robe, a +0 dagger, a bread ration
     0 | D:1      | Reached XP level 1. HP: 18/18 MP: 4/4
     0 | D:1      | Identified Siprivep's Almanac of the Arsonist
     2 | D:1      | Learned a level 1 spell: Flame Tongue
   141 | D:1      | Gained mutation: You are surrounded by a mild repulsion field (EV +2). [demonic ancestry]
   141 | D:1      | Reached XP level 2. HP: 21/24 MP: 6/6
   217 | D:1      | You fall through a shaft!
   226 | D:2      | Reached skill level 1 in Fire Magic
   796 | D:1      | Gained mutation: You are partially covered in sharp spines. [demonic ancestry]
   796 | D:1      | Reached XP level 3. HP: 25/29 MP: 8/8
  1566 | D:2      | Slain by a gnoll

Vault maps used:
D:1:      dpeg_arrival_prison
D:2:      uniq_crazy_yiuf_cottage

Action                   || total
-------------------------++-------
Melee: Spear             ||    28
       Short sword       ||    21
 Cast: Flame Tongue      ||     8
  Use: Scroll            ||     5
 Stab: Sleeping          ||     3
  Eat: Chunk             ||     2
